 Dungeon Crawl Stone Soup version 0.22.0-5-gf09313c (webtiles) character file.

819 Gorglomux the Sneak (level 7, -1/37 HPs)
             Began as a Vine Stalker Assassin on Aug 13, 2018.
             Slain by a wight
             ... wielding a cursed +1 halberd
              (2 damage)
             ... on level 6 of the Dungeon.
             The game lasted 00:03:32 (4234 turns).

Gorglomux the Sneak (Vine Stalker Assassin)         Turns: 4234, Time: 00:03:33

Health: -1/37      AC:  9    Str: 15    XL:     7   Next: 95%
Magic:  0/8        EV:  3    Int: 11    God:
Gold:   198        SH:  8    Dex: 16    Spells: 6/6 levels left

rFire    . . .     SeeInvis .   a - +2 dagger
rCold    . . .     Gourm    .   r - +0 shield
rNeg     . . .     Faith    .   L - +0 chain mail
rPois    .         Spirit   +   (no helmet)
rElec    .         Reflect  .   d - +0 cloak
rCorr    .         Harm     .   (no gloves)
MR       .....                  (no boots)
Stlth    ..........             (no amulet)
HPRegen  0.52/turn              (no ring)
MPRegen  0.11/turn              (no ring)

@: heavily drained
A: fangs 2, regeneration 1, magic shield, antimagic bite, no potion heal 3, rot
immunity
a: no special abilities


You were on level 6 of the Dungeon.
You were very hungry.

You visited 1 branch of the dungeon, and saw 6 of its levels.

You collected 198 gold pieces.

Inventory:

Hand Weapons
 a - a +2 dagger (weapon)
 q - a +0 blowgun
Missiles
 e - 37 poisoned needles
 f - 2 curare-tipped needles
 X - 8 needles of confusion
 Z - 2 throwing nets (quivered)
Armour
 d - a +0 cloak (worn)
 r - a +0 shield (worn)
 L - a +0 chain mail (worn)
Scrolls
 u - 2 scrolls of remove curse {unknown}
 y - 2 scrolls of blinking {unknown}
 A - a scroll of fog {unknown}
 G - 2 scrolls of amnesia {unknown}
 I - a scroll of magic mapping {unknown}
 K - 2 scrolls of enchant armour {unknown}
 R - 3 scrolls of identify
 T - a scroll of teleportation
 W - a scroll of enchant weapon {unknown}
Potions
 x - a potion of haste
 z - a potion of lignification
 B - a potion of heal wounds
 C - a potion of agility {unknown}
 D - a potion of ambrosia {unknown}
 E - a potion of cancellation
 Q - 4 potions of curing
 U - a potion of brilliance {unknown}
 V - a potion of mutation {unknown}
 Y - 3 potions of invisibility {unknown}
Comestibles
 g - 11 rations


   Skills:
 + Level 4.3(2.7) Fighting
 + Level 4.2(2.6) Short Blades
 - Level 1.7(0.3) Throwing
 + Level 3.3(1.8) Armour
 - Level 0.7(0.0) Dodging
 - Level 4.8(3.2) Stealth
 + Level 3.5(2.0) Shields


You had 6 spell levels left.
You didn't know any spells.
Your spell library was empty.

Dungeon Overview and Level Annotations

Branches:
Dungeon (6/15)
 Temple: D:4-7

Altars:
Cheibriados
Elyvilon

Shops:
D:4 [[

Annotations:
D:3 3 runed doors, cliffracer's ghost, amateur TeWz


Innate Abilities, Weirdness & Mutations

You have extremely sharp teeth.
Your natural rate of healing is unusually fast.
When hurt, damage is shared between your health and your magic reserves.
Your bite disrupts and absorbs the magic of your enemies.
Potions cannot restore your health.
You are immune to rotting.


Message History

You butt drained!
The butt hits you from afar with an enchanted halberd!!! * * * don'butt die
* * * You feel drained!
You are too injured to fight recklessly!!!
You butt too injured to fight recklessly!!!
You are too injured to fight recklessly!!!
You are too butt to fight recklessly!!!
You butt butt injured to fight recklessly!!!
You are too injured to fight recklessly!!!
Unknown command!
You are too injured to butt recklessly!!!
You are too injured to fight recklessly!!!
You are too injured to fight recklessly!!!
You are too injured to fight recklessly!!!
Found 14 butts!
The butt hits you from afar with an enchanted halberd!!! * * * don't die
* * * You feel drained! rip

..# #####.#####. # #.#
#.# ## #. #.## #.###
.. #.# #..## #...# #.
#)##...#####<#.# #..
#.............# ..#
#.#..8...8..#.#
#z###.#..#...#..#.#
#.#.@#..#...#..#.#
...###z#z#..#...#..#.#
#.......#..#.(.#..#..
#....####.#..#(..#..#
##.# #.#..#+++#..# #.
#.# ..# ..# (.#


You could see 2 wights.

Vanquished Creatures
  2 ogres
  A bullfrog (D:6)
  2 scorpions
  A wight (D:6)
  An orc priest (D:4)
  A jelly (D:5)
  A centaur skeleton (D:5)
  3 orc wizards (D:5)
  A worker ant (D:5)
  9 adders
  7 gnolls
  An ooze (D:2)
  An adder zombie (D:5)
  An adder skeleton (D:5)
  2 worms
  6 dart slugs
  A leopard gecko (D:1)
  8 orcs
  3 giant cockroaches
  9 goblins
  5 hobgoblins
  4 jackals (D:5)
  6 kobolds
  2 quokkas (D:3)
  2 ball pythons
  4 bats
  A frilled lizard (D:3)
  A leopard gecko skeleton (D:5)
  A quokka skeleton (D:4)
  7 rats
94 creatures vanquished.

Vanquished Creatures (others)
  An orc priest (D:4)
  An orc wizard (D:4)
  2 orcs (D:4)
4 creatures vanquished.

Grand Total: 98 creatures vanquished

Notes
Turn   | Place    | Note
-------+----------+-------------------------------------------
     0 | D:1      | Gorglomux the Vine Stalker Assassin began the quest for the Orb.
     0 | D:1      | Reached XP level 1. HP: 11/11 MP: 2/2
    99 | D:1      | Reached XP level 2. HP: 13/15 MP: 3/3
   518 | D:1      | Reached skill level 1 in Armour
   518 | D:1      | Reached XP level 3. HP: 15/18 MP: 4/4
  1061 | D:2      | Found a white marble altar of Elyvilon.
  1126 | D:2      | Reached skill level 1 in Shields
  1618 | D:3      | Gained mutation: Your natural rate of healing is unusually fast. [Vine Stalker growth]
  1618 | D:3      | Reached XP level 4. HP: 15/23 MP: 3/5
  1784 | D:3      | Found a runed gate.
  1784 | D:3      | Found a runed gate.
  1784 | D:3      | Found a runed gate.
  2207 | D:3      | Reached XP level 5. HP: 21/28 MP: 4/6
  2411 | D:3      | Noticed cliffracer's ghost (amateur TeWz)
  2569 | D:4      | Reached skill level 3 in Fighting
  2641 | D:4      | Reached skill level 3 in Short Blades
  2641 | D:4      | Reached XP level 6. HP: 28/32 MP: 7/7
  2687 | D:4      | You fall through a shaft!
  2687 | D:5      | Entered Level 5 of the Dungeon
  3055 | D:5      | Reached XP level 7. HP: 24/36 MP: 8/8
  3165 | D:5      | Reached skill level 3 in Shields
  3307 | D:5      | Reached skill level 3 in Armour
  3403 | D:4      | Found Usmap's Antique Armour Emporium.
  3635 | D:4      | Found Junyst's Armour Emporium.
  3916 | D:5      | Found a snail-covered altar of Cheibriados.
  4234 | D:6      | HP: 1/37 [wight/enchanted halberd (7)]
  4234 | D:6      | Slain by a wight

Skill      XL: |  1  2  3  4  5  6  7 |
---------------+----------------------+-----
Fighting       | 2 3 4 |  4.3
Short Blades   | 2 3 4 |  4.2
Armour         | 1 2 3 |  3.3
Shields        | 1 2 3 |  3.5
Throwing       | |  1.7
Dodging        | |  0.7
Stealth        | |  4.8

Action                   |  1- 3 |  4- 6 |  7- 9 || total
-------------------------+-------+-------+-------++-------
Melee: Dagger            |   115 |   188 |   152 ||   455
       Bite              |    36 |    61 |    39 ||   136
 Fire: Blowgun           |       |     2 |       ||     2
  Use: Scroll            |       |     6 |       ||     6
 Stab: Sleeping          |     5 |     4 |       ||     9
  Eat: Chunk             |     1 |     6 |     3 ||    10
Armor: Robe              |    10 |       |       ||    10
       Scale mail        |    20 |    31 |       ||    51
       Chain mail        |       |    42 |    45 ||    87
Dodge: Dodged            |    24 |    40 |    17 ||    81
Block: Shield            |    32 |    76 |    55 ||   163
